 Dungeon Crawl Stone Soup version 0.29.0-15-g675c0067aa (webtiles) character file.

Game seed: 4215347810614658320

1143 gelatine the Stinger (level 8, -1/52 HPs)
             Began as an Octopode Venom Mage on Sept 11, 2022.
             Slain by a sky beast (2 damage)
             ... on level 6 of the Dungeon.
             The game lasted 00:21:21 (7655 turns).

gelatine the Stinger (Octopode Venom Mage)          Turns: 7655, Time: 00:21:22

Health: -1/52      AC:  1    Str:  9    XL:     8   Next: 37%
Magic:  4/14       EV: 14    Int: 18    God:
Gold:   311        SH:  5    Dex: 12    Spells: 3/15 levels left

rFire   + . .      SeeInvis .   k - +0 short sword (freeze)
rCold   . . .      Faith    .   (no shield)
rNeg    . . .      Spirit   .   (helmet currently unavailable)
rPois   .          Reflect  +   v - amulet of reflection
rElec   .          Harm     .   r - ring of protection from fire
rCorr   .          Rampage  .   w - ring of willpower
Will    +....                   (no ring)
Stlth   +++.......              (no ring)
HPRegen 0.17/turn               (no ring)
MPRegen 0.14/turn               (no ring)
                                (no ring)
                                (no ring)

@: appendages
A: tentacle spike 3, almost no armour, amphibious, 8 rings, camouflage 1,
gelatinous body 1, (nimble swimmer 1), tentacles
a: End Transformation


You were on level 6 of the Dungeon.
One of your tentacles had grown a beastly spike.
You visited 1 branch of the dungeon, and saw 6 of its levels.

You collected 311 gold pieces.

Inventory:

Hand Weapons
 h - a +0 dagger of venom
 k - a +0 short sword of freezing (weapon)
 s - a +1 war axe of electrocution
 z - a +0 shortbow
Missiles
 t - a throwing net
Jewellery
 e - an amulet of faith
 r - a ring of protection from fire (left tentacle)
 v - an amulet of reflection (around mantle)
 w - a ring of willpower (right tentacle)
Wands
 y - a wand of flame (27)
Scrolls
 b - a scroll of torment {unknown}
 c - a scroll of enchant armour
 d - a scroll of fear
 g - a scroll of silence {unknown}
 l - a scroll of vulnerability
 n - a scroll of enchant weapon {unknown}
 p - a scroll of immolation {unknown}
 x - 2 scrolls of teleportation {unknown}
 A - a scroll of butterflies {unknown}
Potions
 a - 3 potions of magic
 f - a potion of curing {unknown}
 i - a potion of lignification {unknown}
 j - a potion of resistance {unknown}
 m - a potion of berserk rage {unknown}
 o - a potion of mutation {unknown}
 q - 2 potions of invisibility {unknown}
 u - 2 potions of haste


   Skills:
 * Level 3.3 Fighting
 + Level 3.6 Short Blades
 * Level 3.6 Dodging
 + Level 3.6 Stealth
 + Level 0.3 Shields
 + Level 4.1 Spellcasting
 + Level 0.5 Conjurations
 + Level 2.8 Transmutations
 + Level 0.5 Fire Magic
 + Level 1.3 Air Magic
 * Level 6.6 Poison Magic


You had 3 spell levels left.
You knew the following spells:

 Your Spells              Type           Power      Damage    Failure   Level
a - Sting                 Tmut/Pois      80%        1d7       1%          1
b - Poisonous Vapours     Pois/Air       36%        N/A       4%          2
c - Mephitic Cloud        Conj/Pois/Air  14%        N/A       14%         3
d - Olgreb's Toxic Radia  Pois           27%        N/A       10%         4
e - Beastly Appendage     Tmut           26%        N/A       4%          1
f - Foxfire               Conj/Fire      20%        2x1d5     12%         1

Your spell library contained the following spells:

 Spells                   Type           Power      Damage    Failure   Level
 Spider Form              Tmut/Pois      20%        N/A       6%          3
 Wereblood                Tmut           13%        N/A       7%          2
 Shock                    Conj/Air       28%        1d4       10%         1
 Swiftness                Air            8%         N/A       24%         3
 Conjure Flame            Conj/Fire      5%         6-21      34%         3
 Inner Flame              Hex/Fire       4%         N/A       36%         3
 Airstrike                Air            4%         2d(1-17)  63%         4
 Flame Wave               Conj/Fire      5%         2d5       75%         4


Dungeon Overview and Level Annotations

Branches:
Dungeon (6/15)
 Temple: D:4-7

Altars:
Dithmenos
Fedhas
Makhleb
Nemelex Xobeh
Xom
Yredelemnul

Annotations:
D:3 2 transporters, daveb22's ghost, amateur HuHu
D:4 Edmund


Innate Abilities, Weirdness & Mutations

One of your tentacles has grown a beastly spike.
You cannot wear most types of armour.
You are amphibious.
You can wear up to eight rings at the same time.
Your skin changes colour to match your surroundings (Stealth+).
Your rubbery body absorbs attacks. (AC +1, EV +1)
((You are camouflaged when in or above water. (Stealth+)))
You have tentacles for arms and can constrict up to eight enemies at once.


Message History

You conjure some foxfire!
The sky beast hits you. The sky beast shocks you.
You barely miss the sky beast.
Your tentacle spike misses the sky beast.
You squeeze the sky beast, but do no damage.
The sky beast is heavily wounded.
The foxfire hits the sky beast.
The sky beast is severely wounded.
The sky beast misses you.
Casting: Foxfire (safe; 12% risk of failure)
Confirm with . or Enter, or press ? or * to list all spells.
You conjure some foxfire!
The sky beast hits you. The sky beast shocks you.
* * * LOW HITPOINT WARNING * * *
You closely miss the sky beast.
You pierce the sky beast, but do no damage.
Your squeeze misses the sky beast.
The sky beast is severely wounded.
The foxfire hits the sky beast.
The sky beast is severely wounded.
The sky beast hits you.
* * * LOW HITPOINT WARNING * * *
The sky beast shocks you.
* * * LOW HITPOINT WARNING * * *
Casting: Foxfire (safe; 12% risk of failure)
Confirm with . or Enter, or press ? or * to list all spells.
Aiming: Sting (safe; 1% risk of failure)
Press: ? - help, Shift-Dir - straight line, f - sky beast
Aim: a sky beast (severely wounded, 67% to hit)
The sting hits the sky beast.
The sky beast is poisoned.
The sky beast is severely wounded.
The sky beast barely misses you.
You hit the sky beast but do no damage. Your squeeze misses the sky beast.
The sky beast is almost dead.
The sky beast hits you.
* * * LOW HITPOINT WARNING * * *
The sky beast shocks you.
* * * LOW HITPOINT WARNING * * *
You barely miss the sky beast.
You pierce the sky beast.
The sky beast is almost dead.
The sky beast hits you.
You die...

## . #. .### #####
..# #@†.####.#
#Y#.#....###### .
#.#.#.##.)<...#
...#.#.#.##).....#
.....#)#.......#.#
.................>#
...##.#...#...#.#.#
## ###...#...#...#
#.###...###.#


You could see a sky beast (poisoned).

Vanquished Creatures
  An ogre (D:4)
  A centaur (D:5)
  A phantom (D:5)
  A bullfrog (D:6)
  3 necrophages (D:5)
  3 scorpions
  4 wights (D:6)
  A bullfrog zombie (D:5)
  A hound (D:4)
  A jelly (D:5)
  Terence (D:3)
  A howler monkey zombie (D:5)
  5 adders
  An ufetubus (D:4)
  4 worms
  3 dart slugs
  An orc (D:5)
  9 ball pythons
  5 endoplasms
  A giant cockroach (D:4)
  6 hobgoblins
  8 jackals
  6 kobolds
  7 quokkas
  A bat (D:3)
  A frilled lizard (D:1)
  8 goblins
  6 rats
91 creatures vanquished.

Vanquished Creatures (others)
  2 bushes (D:5)
  64 foxfires
  13 plants (D:5)
79 creatures vanquished.

Grand Total: 170 creatures vanquished

Notes
Turn   | Place    | Note
-------+----------+-------------------------------------------
     0 | D:1      | gelatine the Octopode Venom Mage began the quest for the
                  | Orb.
     0 | D:1      | Reached XP level 1. HP: 11/11 MP: 3/3
   355 | D:1      | Reached skill level 4 in Poison Magic
   740 | D:1      | Reached XP level 2. HP: 17/17 MP: 1/5
   836 | D:1      | Found a faded altar of an unknown god.
  1331 | D:1      | Reached XP level 3. HP: 12/21 MP: 3/6
  1603 | D:1      | Learned a level 2 spell: Poisonous Vapours
  1607 | D:1      | Learned a level 3 spell: Mephitic Cloud
  2697 | D:2      | Reached XP level 4. HP: 8/27 MP: 0/8
  3217 | D:2      | Found a burning altar of Makhleb.
  3539 | D:3      | Noticed Terence
  3551 | D:3      | Killed Terence
  3552 | D:3      | Reached skill level 1 in Short Blades
  3642 | D:3      | Noticed a necrophage
  3916 | D:3      | Reached XP level 5. HP: 29/31 MP: 6/9
  4048 | D:3      | Noticed daveb22's ghost (amateur HuHu)
  4050 | D:3      | Found a transporter.
  4078 | D:3      | Found a transporter.
  4551 | D:4      | Reached skill level 1 in Fighting
  4551 | D:4      | Reached skill level 5 in Poison Magic
  4551 | D:4      | Reached XP level 6. HP: 38/38 MP: 3/10
  4556 | D:4      | Learned a level 4 spell: Olgreb's Toxic Radiance
  4558 | D:4      | Learned a level 1 spell: Beastly Appendage
  4926 | D:4      | Reached skill level 1 in Air Magic
  5200 | D:4      | Noticed Edmund
  5431 | D:5      | Entered Level 5 of the Dungeon
  5785 | D:5      | Found a blossoming altar of Fedhas.
  5845 | D:5      | Reached XP level 7. HP: 27/43 MP: 10/12
  6046 | D:5      | Found a shimmering altar of Xom.
  6058 | D:5      | Found a shadowy altar of Dithmenos.
  6060 | D:5      | Found a sparkling altar of Nemelex Xobeh.
  6061 | D:5      | Found a basalt altar of Yredelemnul.
  6238 | D:5      | Learned a level 1 spell: Foxfire
  6722 | D:5      | Reached skill level 6 in Poison Magic
  7138 | D:6      | Reached XP level 8. HP: 50/50 MP: 5/14
  7654 | D:6      | HP: 1/52 [sky beast (6)]
  7655 | D:6      | Slain by a sky beast

Illustrated notes

Levels and vault maps discovered:
D:1:      minmay_arrival_four_loops, layout_basic,
          hellmonk_ecumenical_altar_prayer_group
D:2:      layout_rooms, basic_altar
D:3:      layout_loops_ring, gammafunk_ghost_mausoleum, uniq_terence
D:4:      layout_cave_pools, dreamdust_princess_bridge, uniq_edmund
D:5:      layout_gridville, fedhas_altar_decomposition,
          mainiacjoe_overflow_alcove_3
D:6:      layout_basic, hangedman_abyss_or_decor_stabs,
          minmay_increasing_density

Skill      XL: |  1  2  3  4  5  6  7  8 |
---------------+-------------------------+-----
Poison Magic   | 4 5 6 |  6.6
Stealth        | 3 |  3.6
Short Blades   | 1 2 3 |  3.6
Spellcasting   | 3 4 |  4.1
Fighting       | 1 2 3 |  3.3
Transmutations | 2 |  2.8
Dodging        | 3 |  3.6
Air Magic      | 1 |  1.3
Shields        | |  0.3
Conjurations   | |  0.5
Fire Magic     | |  0.5

Action                   |  1- 3 |  4- 6 |  7- 9 || total
-------------------------+-------+-------+-------++-------
Melee: Unarmed           |    35 |       |       ||    35
       Tentacles         |    10 |    15 |    16 ||    41
       Constrict         |    12 |    16 |    10 ||    38
       Dagger            |     7 |     2 |       ||     9
       Short sword       |       |    59 |    62 ||   121
       Kick              |       |     6 |    24 ||    30
 Cast: Sting             |    50 |    33 |     6 ||    89
       Poisonous Vapours |    15 |    33 |     4 ||    52
       Mephitic Cloud    |       |     4 |     1 ||     5
       Beastly Appendage |       |     5 |     9 ||    14
       Olgreb's Toxic Ra |       |     2 |       ||     2
       Foxfire           |       |       |    40 ||    40
  Use: Scroll            |       |     6 |       ||     6
 Stab: Confused          |       |     1 |       ||     1
Armor: Skin              |     3 |     1 |     2 ||     6
Dodge: Dodged            |    34 |    36 |    22 ||    92
Block: Other             |       |     4 |     6 ||    10
       Reflection        |       |     1 |       ||     1
